 Dungeon Crawl Stone Soup version 0.22-a0-377-g846bec1 (webtiles) character file.

220 Amnesiac the Conjurer (level 5, 0/35 HPs)
             Began as a Mummy Wizard on Apr 27, 2018.
             Shot with a stone by a goblin (6 damage)
             ... on level 2 of the Dungeon.
             The game lasted 00:04:21 (1495 turns).

Amnesiac the Conjurer (Mummy Wizard)                Turns: 1495, Time: 00:04:22

Health: 0/35       AC:  2    Str: 10    XL:     5   Next: 64%
Magic:  3/11       EV: 12    Int: 18    God:
Gold:   19         SH:  0    Dex: 11    Spells: 3/12 levels left

rFire    x . .     SeeInvis .   g - +0 hunting sling
rCold    + . .     Gourm    .   (no shield)
rNeg     + + +     Faith    .   a - +0 robe
rPois    ∞         Spirit   .   b - +0 hat
rElec    .         Reflect  .   (no cloak)
rCorr    .         Harm     .   (no gloves)
MR       .....                  (no boots)
Stlth    ++........             (no amulet)
HPRegen  0.11/turn              (no ring)
MPRegen  0.12/turn              (no ring)

@: no status effects
A: no food or potions, fire vulnerability, cold resistance 1, negative energy
resistance 3, torment resistance, unbreathing
a: no special abilities


You were on level 2 of the Dungeon.
You were not hungry.

You visited 1 branch of the dungeon, and saw 3 of its levels.

You collected 19 gold pieces.

Inventory:

Hand Weapons
 c - a +0 mace
 g - a +0 hunting sling (weapon)
Missiles
 h - a stone (quivered)
Armour
 a - a +0 robe (worn)
 b - a +0 hat (worn)
 f - a +0 shield
Scrolls
 d - a scroll of remove curse {!r, unknown}
 e - 2 scrolls of amnesia {!r, unknown}
 i - a scroll of enchant weapon {!r, unknown}
 j - 3 scrolls of identify {!r, unknown}


   Skills:
 - Level 1.5 Dodging
 - Level 1.5 Stealth
 + Level 0.0 Shields
 - Level 4.0 Spellcasting
 - Level 4.7 Conjurations
 - Level 0.7 Summonings
   Level 0.7 Translocations


You had 3 spell levels left.
You knew the following spells:

 Your Spells              Type           Power        Failure   Level  Hunger
a - Magic Dart            Conj           ###.         2%          1    N/A
b - Call Imp              Summ           #.......     17%         2    N/A
e - Mephitic Cloud        Conj/Pois/Air  #.......     24%         3    N/A
s - Conjure Flame         Conj/Fire      ##......     17%         3    N/A

Dungeon Overview and Level Annotations

Branches:
Dungeon (3/15)

Altars:


Innate Abilities, Weirdness & Mutations

You do not eat or drink.
Your flesh is vulnerable to fire.
You are immune to poison.
Your flesh is cold resistant. (rC+)
You are immune to negative energy. (rN+++)
You are immune to unholy pain and torment.
You can survive without breathing.


Message History

You shoot a stone.
The stone hits Grinder but does no damage.
Grinder is almost dead.
The jackal bites your shadow imp.
Your white imp gestures at Grinder.
The puff of frost hits Grinder.
Grinder resists.
The jackal bites your shadow imp.
Grinder blinks!
Firing (i - inventory) No suitable missiles.
Press: ? - help, Shift-Dir - straight line, f/p - Grinder
Aim: Grinder (almost dead)
Okay, then.
Casting: Call Imp (safe; 17% risk of failure)
Confirm with . or Enter, or press ? or * to list all spells.
Aiming: Magic Dart (safe; 3% risk of failure)
Press: ? - help, Shift-Dir - straight line, f/p - Grinder
Aim: Grinder (almost dead)
The magic dart hits Grinder.
You kill Grinder!
Training target 4.0 for Conjurations reached!
Your Conjurations skill increases to level 4!
You need to enable at least one skill for training.
You have reached level 5!
You feel agile.
The jackal bites your shadow imp but does no damage.
What are your orders? t - Shout!
Orders for allies: a - Attack new target. r - Retreat! s - Stop attacking. g - Guard the area. f - Follow me.
Anything else - Cancel.
Guard this area!
The jackal bites your shadow imp but does no damage.
The jackal bites your shadow imp. The jackal bites your shadow imp.
The jackal bites your shadow imp.
Your shadow imp dies!
Your white imp gestures at the jackal.
The puff of frost hits the jackal.
The jackal dies!
h - a stone You start resting.
A frilled lizard comes into view.
A frilled lizard is nearby!
A frilled lizard is nearby!
A frilled lizard is nearby!
Casting: Magic Dart (safe; 2% risk of failure)
Confirm with . or Enter, or press ? or * to list all spells.
Aiming: Magic Dart (safe; 2% risk of failure)
Press: ? - help, Shift-Dir - straight line, f - frilled lizard
Aim: a frilled lizard (hasn't noticed you)
The magic dart hits the frilled lizard.
The frilled lizard is severely wounded.
The frilled lizard hisses angrily.
A goblin comes into view. It is wielding a club.
Casting: Magic Dart (safe; 2% risk of failure)
Confirm with . or Enter, or press ? or * to list all spells.
Aiming: Magic Dart (safe; 2% risk of failure)
Press: ? - help, Shift-Dir - straight line, f/p - frilled lizard
Aim: a frilled lizard (severely wounded)
The magic dart hits the frilled lizard.
You kill the frilled lizard!
The goblin unwields an uncursed club.
The goblin wields a hunting sling.
The goblin shoots a stone.
The stone hits you.
You die...

### ..# #####.# ######### ...#.#
#.......# #.#.##### #.......####
###.......#########..........#
....†..................g....>#
###.#####.###.#.@...#........#
......###.# #.#.###.#.##..##..#
#.........###...###...##..##..#
.....####.....###.....((5.....!.
.....# #.##### ###...###.#.#....
.....# #.. #.##.........#.
.....# #### ###....#....#...h
.....# ##.†....#........ ##.###
### #..#.#..# ...#...


You could see a goblin.

Vanquished Creatures
  Grinder (D:2)
  2 adders (D:2)
  2 leopard geckos
  A bat (D:2)
  2 goblins (D:2)
  A hobgoblin (D:1)
  3 jackals (D:2)
  4 frilled lizards (D:2)
16 creatures vanquished.

Vanquished Creatures (collateral kills)
  A bullfrog (D:3)
  4 worms
  4 jackals
  A kobold (D:1)
10 creatures vanquished.

Grand Total: 26 creatures vanquished

Notes
Turn   | Place    | Note
-------+----------+-------------------------------------------
     0 | D:1      | Amnesiac the Mummy Wizard began the quest for the Orb.
     0 | D:1      | Reached XP level 1. HP: 13/13 MP: 5/5
    35 | D:2      | Reached skill level 1 in Conjurations
    35 | D:2      | Reached XP level 2. HP: 19/19 MP: 0/7
    39 | D:2      | Learned a level 2 spell: Call Imp
   898 | D:1      | Reached XP level 3. HP: 6/24 MP: 0/8
   903 | D:1      | Learned a level 3 spell: Conjure Flame
   907 | D:1      | Learned a level 3 spell: Mephitic Cloud
  1373 | D:3      | Noticed a bullfrog
  1379 | D:3      | Killed a bullfrog
  1379 | D:3      | Reached XP level 4. HP: 30/30 MP: 5/10
  1407 | D:3      | Noticed Grinder
  1453 | D:2      | HP: 1/30 [Grinder (9)]
  1458 | D:2      | Killed Grinder
  1458 | D:2      | Reached XP level 5. HP: 2/35 MP: 1/11
  1495 | D:2      | Shot with a stone by a goblin

Vault maps used:
D:1:      dpeg_arrival_simpleton_b, minivault_11
D:3:      kennysheep_generic_room_5, uniq_grinder, uniq_jessica

Skill      XL: |  1  2  3  4 |
---------------+-------------+-----
Conjurations   | 1 2 3 4 |  4.7
Dodging        | |  1.5
Stealth        | |  1.5
Spellcasting   | |  4.0
Summonings     | |  0.7
Translocations | |  0.7

Action                   |  1- 3 |  4- 6 || total
-------------------------+-------+-------++-------
Melee: Mace              |    14 |       ||    14
 Fire: Hunting sling     |     4 |    11 ||    15
 Cast: Magic Dart        |    24 |     4 ||    28
       Call Imp          |    16 |     6 ||    22
Armor: Robe              |     5 |       ||     5
Dodge: Dodged            |    37 |     7 ||    44

Table legend:
 A = Spawn XP
 B = Non-spawn XP
 C = Spawn XP percentage of total XP
 D = Spawn monster count
 E = Non-spawn monster count
 F = Spawn count percentage of total count
 G = Total turns spent on level
                    A         B        C        D         E        F      G
               +---------+---------+-------+---------+---------+-------+---------
         Total |       0 |     315 |   0.0 |       0 |      26 |   0.0 |  1495
               +---------+---------+-------+---------+---------+-------+---------
           D:1 |       0 |       8 |   0.0 |       0 |       4 |   0.0 |   810
           D:2 |       0 |     245 |   0.0 |       0 |      20 |   0.0 |   624
           D:3 |       0 |      62 |   0.0 |       0 |       2 |   0.0 |    61
               +---------+---------+-------+---------+---------+-------+---------
